 Dungeon Crawl Stone Soup version 0.30-a0-140-gd1020e658a (webtiles) character file.

Game seed: 7352086317268074911

1163 Lolow the Cleaver (level 8, -13/70 HPs)
             Began as a Hill Orc Fighter on Sept 24, 2022.
             Was a Believer of the Shining One.
             Mangled by an ogre
             ... wielding a +0 giant spiked club
              (20 damage)
             ... on level 4 of the Dungeon.
             The game lasted 00:29:34 (5061 turns).

Lolow the Cleaver (Hill Orc Fighter)                Turns: 5061, Time: 00:29:35

Health: -13/70     AC: 13    Str: 21    XL:     8   Next: 40%
Magic:  8/8        EV:  9    Int: 14    God:    the Shining One [**....]
Gold:   164        SH:  4    Dex: 10    Spells: 5/7 levels left

rFire   . . .      SeeInvis .    a - +0 war axe
rCold   . . .      Faith    .    c - +0 buckler
rNeg    + . .      Spirit   .    b - +2 scale mail
rPois   .          Reflect  .    j - +2 hat
rElec   .          Harm     .    m - +0 cloak
rCorr   .          Rampage  .    p - +0 pair of gloves
Will    .....                    (no boots)
Stlth   ..........               (no amulet)
HPRegen 0.21/turn                e - +6 ring of intelligence
MPRegen 0.11/turn                (no ring)

@: glowing
A: no striking features
a: Renounce Religion, Divine Shield


You were on level 4 of the Dungeon.
You worshipped the Shining One.
The Shining One was pleased with you.
You visited 1 branch of the dungeon, and saw 5 of its levels.
You also visited: Sewer.

You collected 164 gold pieces.

Inventory:

Hand Weapons
 a - a +0 war axe (weapon)
Missiles
 n - 6 stones
 s - 3 boomerangs
 v - 9 poisoned darts
 x - 3 javelins (quivered)
Armour
 b - a +2 scale mail (worn)
 c - a +0 buckler (worn)
 j - a +2 hat (worn)
 m - a +0 cloak (worn)
 p - a +0 pair of gloves (worn)
 r - a +0 troll leather armour {Pargi}
 y - +0 steam dragon scales
Magical Staves
 k - a staff of fire
Jewellery
 e - a +6 ring of intelligence (left hand)
Scrolls
 l - 3 scrolls of teleportation {unknown}
 t - a scroll of fear {unknown}
 u - a scroll of poison
Potions
 d - 5 potions of might
 f - a potion of magic {unknown}
 g - 2 potions of lignification
 h - a potion of invisibility {unknown}
 i - a potion of haste {unknown}
 q - a potion of resistance
 w - a potion of curing {unknown}


   Skills:
 + Level 5.7 Fighting
 + Level 8.9 Axes
 + Level 1.0 Throwing
 + Level 5.2 Armour
 + Level 1.6 Dodging
 + Level 1.6 Stealth
 + Level 4.7 Shields
 + Level 0.3 Spellcasting
 + Level 0.7 Conjurations


You had 5 spell levels left.
You knew the following spells:

 Your Spells              Type           Power      Damage    Failure   Level
a - Shock                 Conj/Air       4%         1d3       63%         1
b - Magic Dart            Conj           8%         1d3       56%         1

Your spell library contained the following spells:

 Spells                   Type           Power      Damage    Failure   Level
 Call Imp                 Summ           0%         N/A       80%         2
 Cigotuvi's Dreadful Rot  Necr/Pois/Air  0%         N/A       80%         2
 Poisonous Vapours        Pois/Air       0%         N/A       80%         2
 Mephitic Cloud           Conj/Pois/Air  0%         N/A       94%         3
 Gell's Gravitas          Tloc           0%         N/A       95%         3
 Ignite Poison            Fire/Tmut/Pois 0%         N/A       95%         3
 Ozocubu's Armour         Ice            0%         N/A       95%         3
 Swiftness                Air            0%         N/A       95%         3
 Teleport Other           Tloc           0%         N/A       95%         3
 Airstrike                Air            0%         2d(0-16)  100%        4
 Animate Armour           Summ/Erth      0%         N/A       100%        4
 Olgreb's Toxic Radiance  Pois           0%         N/A       100%        4
 Petrify                  Tmut/Erth      0%         N/A       100%        4
 Metabolic Englaciation   Hex/Ice        0%         N/A       100%        5
 Dispersal                Tloc           0%         N/A       100%        6
 Statue Form              Tmut/Erth      0%         N/A       100%        6
 Ozocubu's Refrigeration  Ice            0%         4d7       100%        7


Dungeon Overview and Level Annotations

Branches:
Dungeon (5/15)              Sewer (visited)
 Temple: D:4-7

Altars:
The Shining One

Shops:
D:4 =

Annotations:
D:4 Menkaure


Message History

Unknown command.
The ogre hits you with a +0 giant spiked club!
* * * LOW HITPOINT WARNING * * *
There is a stone staircase leading up, spattered with blood here.
Menkaure misses you.
You climb upwards.
There is a stone staircase leading down, spattered with blood here.
You hit the ogre.
The ogre is lightly wounded.
You hit Menkaure. The ogre closely misses you. Menkaure hits you!!
* * * LOW HITPOINT WARNING * * *
You feel much better. The ogre hits you but does no damage. Menkaure hits you!!
* * * LOW HITPOINT WARNING * * *
Things that are here:
a +0 hand axe; a +0 flail of protection; an orc skeleton Menkaure mumbles some strange words.
Menkaure seems to speed up.
The ogre attacks as you move away! You block the ogre's attack.
The ogre attacks as you move away!
The ogre hits you with a +0 giant spiked club.
* * * LOW HITPOINT WARNING * * *
Menkaure calls on the powers of darkness!
The ogre convulses!
Your body is wracked with pain!
* * * LOW HITPOINT WARNING * * *
Things that are here:
a +0 robe; a +0 dagger Menkaure casts a spell at you.
Pain shoots through your body!
* * * LOW HITPOINT WARNING * * *
Things that are here:
a +0 dagger; a +0 sling The ogre attacks as you move away!
The ogre closely misses you.
Menkaure giggles, "These cerements are ticklish..."
Menkaure calls on the powers of darkness!
The ogre convulses!
Your body is wracked with pain!
* * * LOW HITPOINT WARNING * * *
Menkaure screams, "Why can't you leave me to my rest?"
The ogre attacks as you move away!
The ogre hits you with a +0 giant spiked club!!
You die...

.......##.#...#...#.....##.##....
#..)...##.##..#...#............<[
####...##.##.....)#......#.##..)>
##...#.##.###....).[.....#.##..÷.
...###...........)#....#.#..#....
.######..........M#....#.##..####
..............#...#....#.###.#
#######....#....O.######.# #.#
.........#......@.######.# #.##
######...###..........##.###..#
####...#.# #...8.......#...##.#
.......#.# #.........#........#
####...#.# #.8.∩.8...####..####
#...#.# #...<.....#......##
#####.###...8.......###...####
#..##..........## #).....# #
##.......####### #......#


You could see an ogre and Menkaure (fast).

Vanquished Creatures
  A steam dragon (D:4)
  Pargi (Sewer)
  An ice beast (D:4)
  An ogre (D:4)
  A gnoll sergeant (D:5)
  2 scorpions
  3 necrophages (D:4)
  A hound (D:4)
  A jelly (D:5)
  4 orc priests
  3 iguanas (D:4)
  2 orc wizards
  A river rat (D:3)
  9 adders
  A white imp (D:4)
  A worm (D:2)
  4 dart slugs
  3 orcs
  6 endoplasms
  A giant cockroach (D:3)
  6 goblins
  12 hobgoblins
  6 jackals
  6 kobolds
  4 quokkas
  4 ball pythons
  4 bats
  6 frilled lizards (D:1)
  8 rats
  A bush (D:2)
104 creatures vanquished.

Vanquished Creatures (others)
  7 plants (D:2)
7 creatures vanquished.

Grand Total: 111 creatures vanquished

Notes
Turn   | Place    | Note
-------+----------+-------------------------------------------
     0 | D:1      | Lolow the Hill Orc Fighter began the quest for the Orb.
     0 | D:1      | Reached XP level 1. HP: 19/19 MP: 1/1
   167 | D:1      | Reached XP level 2. HP: 27/27 MP: 2/2
   513 | D:1      | Reached skill level 3 in Axes
   513 | D:1      | Reached XP level 3. HP: 33/33 MP: 3/3
  1216 | D:2      | Reached XP level 4. HP: 25/40 MP: 4/4
  1699 | D:2      | Reached skill level 4 in Axes
  1820 | D:2      | Found a faded altar of an unknown god.
  1824 | D:2      | Prayed at the altar of an unknown god.
  1824 | D:2      | Became a worshipper of the Shining One
  1824 | D:2      | Reached * piety under the Shining One
  2272 | D:3      | Found a glowing drain.
  2286 | D:3      | Reached XP level 5. HP: 39/46 MP: 5/5
  2297 | Sewer    | Entered a sewer
  2381 | Sewer    | Noticed Pargi
  2405 | Sewer    | Killed Pargi
  2406 | Sewer    | Reached skill level 5 in Axes
  2406 | Sewer    | Reached skill level 1 in Dodging
  2745 | D:3      | Reached XP level 6. HP: 53/53 MP: 6/6
  2752 | D:3      | Got the Papyrus of Flinty Blight
  3016 | D:4      | Noticed an ice beast
  3027 | D:4      | Killed an ice beast
  3113 | D:4      | Reached skill level 6 in Axes
  3151 | D:4      | Found Alogem's Jewellery Boutique.
  3188 | D:4      | Reached XP level 7. HP: 35/60 MP: 7/7
  3341 | D:4      | Learned a level 1 spell: Shock
  3354 | D:4      | Learned a level 1 spell: Magic Dart
  3612 | D:4      | Reached skill level 7 in Axes
  3773 | D:4      | Noticed a steam dragon
  3791 | D:4      | Killed a steam dragon
  3792 | D:4      | Reached skill level 5 in Fighting
  4159 | D:5      | Entered Level 5 of the Dungeon
  4174 | D:5      | Reached skill level 5 in Armour
  4348 | D:5      | Noticed Menkaure
  4356 | D:5      | Reached ** piety under the Shining One
  4382 | D:4      | Reached skill level 1 in Throwing
  4382 | D:4      | Reached XP level 8. HP: 31/68 MP: 8/8
  4565 | D:4      | Reached skill level 1 in Stealth
  4571 | D:4      | Reached skill level 8 in Axes
  5061 | D:4      | Mangled by an ogre

Illustrated notes

Levels and vault maps discovered:
D:1:      dpeg_arrival_water_temple_mockup, layout_loops_ring,
          nicolae_figureground_pulse
D:2:      layout_rooms, hellmonk_ecumenical_altar_leap_of_faith, serial_forest,
          infiniplex_forest_lined_3, infiniplex_forest_3_way,
          infiniplex_forest_clump_diagonal, infiniplex_forest_clump_cross,
          infiniplex_forest_zigzag_2
D:3:      layout_basic, portal_sewer_entry_a
D:4:      layout_rooms, serial_shops, nicolae_shop_statue_plus
D:5:      layout_basic, minmay_increasing_density, uniq_menkaure

Skill      XL: |  1  2  3  4  5  6  7  8 |
---------------+-------------------------+-----
Axes           | 3 4 5 6 7 8 |  8.9
Fighting       | 4 5 |  5.7
Armour         | 4 5 |  5.2
Dodging        | 1 |  1.6
Shields        | 4 |  4.7
Throwing       | 1 |  1.0
Stealth        | 1 |  1.6
Spellcasting   | |  0.3
Conjurations   | |  0.7

Action                   |  1- 3 |  4- 6 |  7- 9 || total
-------------------------+-------+-------+-------++-------
Melee: War axe           |   101 |   162 |    82 ||   345
Throw: Stone             |       |    10 |     9 ||    19
       Boomerang         |       |       |     7 ||     7
       Javelin           |       |       |     2 ||     2
 Cast: Magic Dart        |       |       |     6 ||     6
Invok: Divine Shield     |       |       |     1 ||     1
  Use: Scroll            |     1 |     9 |     1 ||    11
       Potion            |       |     1 |     4 ||     5
Armor: Scale mail        |    46 |    68 |    59 ||   173
Dodge: Dodged            |    35 |    65 |    55 ||   155
Block: Buckler           |    21 |    24 |    37 ||    82

Table legend: (Time is in decaauts)
 A = Elapsed time spent in this place.
 B = Non-inter-level travel time spent in this place.
 C = Inter-level travel time spent in this place.
 D = Time resting spent in this place.
 E = Time spent auto-exploring this place.
 F = Levels seen in this place.
 G = Mean time per level.
                   A        B        C        D        E       F      G
               +--------+--------+--------+--------+--------+-----+--------+
         Total |   5192 |   5192 |      0 |   1631 |   2138 |   6 |  865.3 |
       Dungeon |   4762 |   4762 |      0 |   1432 |   2040 |   5 |  952.4 |
         Sewer |    430 |    430 |      0 |    199 |     98 |   1 |  430.0 |
               +--------+--------+--------+--------+--------+-----+--------+

Top non-repeatable levels by time:
     D:4: 1834 daAuts
     D:1: 1186 daAuts
     D:2: 881 daAuts
     D:3: 612 daAuts
   Sewer: 430 daAuts
     D:5: 248 daAuts
